 Dungeon Crawl Stone Soup version 0.22.1-7-g5c428e7 (webtiles) character file.

2113 Womblat the Thaumaturge (level 9, -1/45 HPs)
             Began as a Deep Elf Air Elementalist on Feb 12, 2019.
             Slain by an orc warrior
             ... wielding a +0 halberd
              (17 damage)
             ... on level 6 of the Dungeon.
             The game lasted 00:31:26 (8053 turns).

Womblat the Thaumaturge (Deep Elf Air Elementalist) Turns: 8053, Time: 00:31:27

Health: -1/45      AC:  6    Str:  8    XL:     9   Next: 8%
Magic:  20/23      EV: 12    Int: 21    God:
Gold:   286        SH:  0    Dex: 19    Spells: 11/24 levels left

rFire    . . .     SeeInvis .   y - +2 scythe (venom)
rCold    . . .     Gourm    .   (shield currently unavailable)
rNeg     + . .     Faith    .   H - +0 leather armour "Guohopni" {Dex+4}
rPois    .         Spirit   .   (no helmet)
rElec    .         Reflect  .   u - +2 cloak
rCorr    .         Harm     .   (no gloves)
MR       .....                  (no boots)
Stlth    +++.......             I - amulet of magic regeneration
HPRegen  0.15/turn              F - ring of positive energy
MPRegen  0.43/turn              E - ring of stealth

@: no status effects
A: no striking features
a: no special abilities


You were on level 6 of the Dungeon.
You were very hungry.

You visited 1 branch of the dungeon, and saw 6 of its levels.

You collected 286 gold pieces.

Inventory:

Hand Weapons
 f - a +1 dagger of speed
 o - a +0 dagger of freezing
 r - a cursed -1 halberd
 w - a +2 dagger of draining
 y - a +2 scythe of venom (weapon)
 B - a +0 dagger of venom
Missiles
 b - 10 javelins
 d - 237 stones (quivered)
 t - 3 tomahawks
Armour
 a - a +0 robe
 m - a +0 leather armour
 u - a +2 cloak (worn)
 z - a +1 robe of cold resistance
 H - the +0 leather armour "Guohopni" (worn) {Dex+4}
   (You found it on level 4 of the Dungeon)

   It affects your dexterity (+4).
Jewellery
 g - an uncursed ring of ice {unknown}
 p - an uncursed ring of resist corrosion
 E - a ring of stealth (right hand)
 F - a ring of positive energy (left hand)
 I - an amulet of magic regeneration (around neck)
Scrolls
 e - a scroll of identify
 j - a scroll of immolation
 k - a scroll of random uselessness {unknown}
 l - a scroll of blinking {unknown}
 n - 2 scrolls of remove curse
 x - a scroll of magic mapping {unknown}
 G - 3 scrolls of teleportation
Potions
 h - 2 potions of curing
 i - a potion of degeneration
 q - a potion of haste {unknown}
 s - a potion of resistance {unknown}
 v - 2 potions of cancellation
 A - 2 potions of agility
 C - a potion of magic {unknown}
 D - 2 potions of heal wounds {unknown}
 J - 2 potions of lignification {unknown}
 K - 2 potions of mutation {unknown}
Comestibles
 c - 8 rations


   Skills:
 + Level 0.2 Fighting
 - Level 0.1 Short Blades
 + Level 0.5 Polearms
 * Level 3.7 Armour
 - Level 2.4 Dodging
 - Level 2.4 Stealth
 + Level 8.3 Spellcasting
 + Level 6.3 Conjurations
 * Level 0.1 Hexes
 - Level 5.6 Charms
 + Level 6.4 Air Magic


You had 11 spell levels left.
You knew the following spells:

 Your Spells              Type           Power        Failure   Level  Hunger
a - Shock                 Conj/Air       ####         1%          1    None
b - Swiftness             Chrm/Air       ####....     1%          2    None
c - Airstrike             Air            #####.....   8%          4    ###....
d - Static Discharge      Conj/Air       #####...     2%          3    None
e - Confuse               Hex            #.......     30%         3    None

Your spell library contained the following spells:

 Spells                   Type           Power        Failure   Level  Hunger
 Confusing Touch          Hex            #.....       11%         1    None
 Lightning Bolt           Conj/Air       #####.....   22%         5    #####..
 Gell's Gravitas          Tloc           #.........   32%         3    None
 Petrify                  Tmut/Erth      #.......     71%         4    ###....
 Metabolic Englaciation   Hex/Ice        #.........   96%         5    #####..
 Yara's Violent Unravell  Hex/Tmut       #.........   96%         5    #####..


Dungeon Overview and Level Annotations

Branches:
Dungeon (6/15)             Temple (0/1) D:6

Altars:
Elyvilon
Nemelex Xobeh
Qazlal
Trog
Uskayaw
Wu Jian
Xom
Zin

Shops:
D:5 *

Annotations:
D:2 exclusion: downstairs
D:3 exclusion: downstairs
D:4 exclusion: 2 downstairs
D:5 exclusion: 2 downstairs
D:6 Menkaure


Message History

Confirm with . or Enter, or press ? or * to list all spells.
Aiming: Shock (safe; 1% risk of failure)
Press: ? - help, Shift-Dir - straight line The zap hits the orc warrior.
The orc warrior is severely wounded.
The zap hits the orc warrior.
The orc warrior appears unharmed.
The orc warrior is severely wounded.
The orc priest calls upon Beogh to heal the orc warrior.
The orc warrior is healed somewhat.
The orc warrior hits you from afar with a halberd.
Casting: Shock (safe; 1% risk of failure)
Confirm with . or Enter, or press ? or * to list all spells.
Aiming: Shock (safe; 1% risk of failure)
Press: ? - help, Shift-Dir - straight line The zap misses the orc warrior.
The zap hits the orc warrior.
The orc warrior is severely wounded.
The orc priest mumbles some strange prayers to Beogh against you.
Beogh smites you!
The orc warrior hits you from afar with a halberd!
You die...

........####⌠.⌠ .........
........# +# #.. .........
........# #. #o. .........
........# #.# #.#### ....$....
........#####.###....# .........
.....................###.........
................o...............)
..).......##.....!...............
..........##....@................
.................................
.....##..........................
.................................
###.............................#
#.............................#
#.................)...........#
###......).........)...(........#
.............#......#............


You could see an orc warrior and an orc priest.

Vanquished Creatures
  Prince Ribbit (D:5)
  Sigmund (D:3)
  Eustachio (D:4)
  2 ogres
  2 phantoms
  3 centaurs
  A bullfrog (D:6)
  A scorpion (D:4)
  A howler monkey (D:6)
  2 crimson imps
  2 orc priests
  2 jellies
  7 orc wizards
  A bullfrog zombie (D:5)
  3 iguanas
  Jessica (D:2)
  A gnoll shaman (D:5)
  2 worker ants (D:4)
  A hound zombie (D:5)
  2 hound skeletons
  Robin (D:3)
  3 adders
  8 gnolls
  2 oozes
  An adder zombie (D:6)
  3 worms
  5 dart slugs
  4 leopard geckos
  17 orcs
  4 bats
  3 giant cockroaches
  19 goblins
  10 hobgoblins
  10 jackals (D:1)
  5 quokkas
  A ball python skeleton (D:4)
  3 frilled lizards
  4 kobolds
  A leopard gecko zombie (D:6)
  A quokka skeleton (D:5)
  6 rats
148 creatures vanquished.

Notes
Turn   | Place    | Note
-------+----------+-------------------------------------------
     0 | D:1      | Womblat the Deep Elf Air Elementalist began the quest for
                  | the Orb.
     0 | D:1      | Reached XP level 1. HP: 10/10 MP: 6/6
   212 | D:1      | Reached XP level 2. HP: 5/15 MP: 1/8
   415 | D:1      | Learned a level 2 spell: Swiftness
   693 | D:1      | Reached XP level 3. HP: 19/19 MP: 2/10
  1309 | D:2      | Found an ornate altar of the Wu Jian Council.
  1320 | D:2      | Reached skill level 1 in Charms
  1431 | D:2      | Noticed Jessica
  1444 | D:2      | Killed Jessica
  1444 | D:2      | Reached skill level 4 in Spellcasting
  1444 | D:2      | Reached XP level 4. HP: 11/24 MP: 0/12
  1744 | D:2      | Found a glowing silver altar of Zin.
  1744 | D:2      | Noticed an angel
  2216 | D:2      | Found a shimmering altar of Xom.
  2557 | D:3      | Reached XP level 5. HP: 28/28 MP: 11/13
  2788 | D:3      | Noticed Robin
  2802 | D:3      | Killed Robin
  2932 | D:3      | Reached skill level 1 in Armour
  2966 | D:3      | Learned a level 4 spell: Airstrike
  3311 | D:3      | Reached skill level 5 in Spellcasting
  3311 | D:3      | Reached XP level 6. HP: 8/32 MP: 7/15
  3659 | D:3      | Noticed Sigmund
  3678 | D:3      | Killed Sigmund
  4105 | D:3      | Found a bloodstained altar of Trog.
  4248 | D:4      | Learned a level 3 spell: Static Discharge
  4330 | D:4      | Found a hide-covered altar of Uskayaw.
  4378 | D:4      | Reached XP level 7. HP: 26/36 MP: 6/17
  4570 | D:4      | Reached skill level 6 in Spellcasting
  4767 | D:4      | Reached skill level 5 in Charms
  5047 | D:4      | Noticed Eustachio
  5063 | D:4      | Killed Eustachio
  5159 | D:4      | Got an encrusted leather armour
  5170 | D:4      | Identified the cursed +0 leather armour "Guohopni" {Dex+4}
                  | (You found it on level 4 of the Dungeon)
  5245 | D:5      | Entered Level 5 of the Dungeon
  5278 | D:3      | Found a white marble altar of Elyvilon.
  5429 | D:5      | Reached skill level 5 in Air Magic
  5434 | D:5      | Reached XP level 8. HP: 41/41 MP: 12/19
  6078 | D:5      | Found Tioketof's General Store.
  6098 | D:5      | Noticed Prince Ribbit
  6221 | D:5      | Reached skill level 5 in Conjurations
  6223 | D:5      | Found a sparkling altar of Nemelex Xobeh.
  6260 | D:5      | Reached skill level 7 in Spellcasting
  6514 | D:5      | Killed Prince Ribbit
  6978 | D:6      | Noticed Menkaure
  7029 | D:6      | Found a staircase to the Ecumenical Temple.
  7493 | D:6      | Reached skill level 8 in Spellcasting
  7593 | D:6      | Reached XP level 9. HP: 39/45 MP: 16/23
  7800 | D:5      | Learned a level 3 spell: Confuse
  8029 | D:6      | Found a stormy altar of Qazlal.
  8053 | D:6      | Slain by an orc warrior

Skill      XL: |  1  2  3  4  5  6  7  8 |
---------------+-------------------------+-----
Conjurations   | 2 3 4 6 |  6.3
Charms         | 2 3 4 5 |  5.6
Spellcasting   | 4 5 6 8 |  8.3
Air Magic      | 4 5 6 |  6.4
Armour         | 1 2 3 |  3.7
Fighting       | |  0.2
Short Blades   | |  0.1
Polearms       | |  0.5
Dodging        | |  2.4
Stealth        | |  2.4
Hexes          | |  0.1

Action                   |  1- 3 |  4- 6 |  7- 9 || total
-------------------------+-------+-------+-------++-------
Melee: Dagger            |     2 |     3 |       ||     5
       Scythe            |       |     1 |    10 ||    11
 Cast: Shock             |    85 |   143 |   217 ||   445
       Swiftness         |       |     2 |       ||     2
       Airstrike         |       |       |     1 ||     1
  Use: Potion            |       |     2 |       ||     2
       Scroll            |       |       |     7 ||     7
 Stab: Sleeping          |       |     1 |       ||     1
  Eat: Chunk             |     1 |     7 |     6 ||    14
       Ration            |       |     1 |     1 ||     2
Armor: Robe              |     2 |       |     1 ||     3
       Leather armour    |       |     3 |    18 ||    21
Dodge: Dodged            |    24 |    31 |    39 ||    94
